 Dungeon Crawl Stone Soup version 0.19.0-19-g8c6edcc (webtiles) character file.

6561 Jurt the Cleaver (level 10, -2/67 HPs)
             Began as a Demonspawn Gladiator on Nov 13, 2016.
             Was an Elder of Okawaru.
             Slain by a hornet (4 damage)
             ... on level 10 of the Dungeon.
             The game lasted 00:23:09 (11119 turns).

Jurt the Cleaver (Demonspawn Gladiator)            Turns: 11119, Time: 00:23:09

Health: -2/67      AC: 14    Str: 19    XL:     10   Next: 70%
Magic:  12/12      EV: 15    Int: 10    God:    Okawaru [****..]
Gold:   141        SH:  0    Dex: 13    Spells: 0 memorised, 9 levels left

rFire  + . .     SeeInvis .     x - +0 battleaxe (elec)
rCold  + . .     Gourm    .     o - +1 ring mail {rC+}
rNeg   . . .     Faith    .     (shield currently unavailable)
rPois  .         Spirit   .     (helmet restricted)
rElec  .         Reflect  .     e - +0 cloak
rCorr  .         Harm     .     (no gloves)
MR     +....                    (no boots)
Stlth  +.........               (no amulet)
                                c - ring of protection from magic
                                v - +3 ring of evasion

@: lethally poisoned (-2 -> -16), sanguine armour, slowed, very slow
A: antennae 2, fire resistance 1, flame cloud immunity, sanguine armour 1
a: Heroism, Renounce Religion


You were on level 10 of the Dungeon.
You worshipped Okawaru.
Okawaru was greatly pleased with you.
You were not hungry.

You visited 2 branches of the dungeon, and saw 12 of its levels.

You collected 424 gold pieces.
You spent 283 gold pieces at shops.

Inventory:

Hand Weapons
 a - a +0 war axe
 x - a +0 battleaxe of electrocution (weapon)
 H - a +1 hand axe of flaming
 J - a +0 blowgun
Missiles
 d - 2 throwing nets (quivered)
 k - 8 javelins of penetration
 z - 7 curare-tipped needles
 L - 25 poisoned needles
Armour
 e - a +0 cloak (worn)
 o - a +1 ring mail of cold resistance (worn)
Jewellery
 b - an uncursed ring of flight
 c - a ring of protection from magic (right hand)
 v - a +3 ring of evasion (left hand)
 E - an uncursed ring of protection from fire
Wands
 i - a wand of slowing (32/48)
 l - a wand of acid (0/15)
 s - a wand of lightning (0/15)
 y - a wand of slowing (31/48)
 B - a wand of confusion (4/48)
Scrolls
 j - a scroll of remove curse
 m - 3 scrolls of amnesia
 q - 2 scrolls of teleportation
 r - a scroll of blinking
 G - 3 scrolls of identify
Potions
 n - 4 potions of curing
 p - a potion of lignification
 t - 3 potions of cure mutation
 A - a potion of cancellation
 C - a potion of resistance
 K - a potion of flight {unknown}
Books
 w - a book of Minor Magic

   Spells                             Type                      Level
   a - Magic Dart                     Conjuration                  1
   b - Blink                          Translocation                2
   c - Call Imp                       Summoning                    2
   d - Repel Missiles                 Charms/Air                   2
   e - Slow                           Hexes                        2
   f - Conjure Flame                  Conjuration/Fire             3
   g - Mephitic Cloud                 Conjuration/Poison/Air       3
 D - a book of Geomancy

   Spells                             Type                      Level
   a - Sandblast                      Earth                        1
   b - Passwall                       Transmutation/Earth          2
   c - Stone Arrow                    Conjuration/Earth            3
   d - Petrify                        Transmutation/Earth          4
   e - Lee's Rapid Deconstruction     Earth                        5
Comestibles
 f - 4 bread rations
 g - 9 meat rations
 h - a beef jerky
 u - 4 fruits
 F - a slice of pizza


   Skills:
 - Level 2.0 Fighting
 + Level 12.9 Axes
 - Level 1.7 Throwing
 + Level 7.0 Armour
 - Level 2.6 Dodging
 * Level 3.1 Invocations


You had 9 spell levels left.
You didn't know any spells.

Dungeon Overview and Level Annotations

Branches:
Dungeon (11/15)            Temple (1/1) D:4             Orc (0/2) D:10
   Lair: D:8-11

Altars:
Dithmenos
Elyvilon
Fedhas
Gozag
Hepliaklqana
Kikubaaqudgha
Makhleb
Okawaru
Qazlal
Sif Muna
Uskayaw
Vehumet
Xom
Yredelemnul
The Shining One

Shops:
D:5 }![   D:9 ::*:(

Annotations:
D:6 Millan's ghost, novice GrMo
D:7 exclusions: electric eel and 1 more exclusion
D:8 veyX's ghost, novice HOFi
D:9 1 exclusion


Innate Abilities, Weirdness & Mutations

You have a pair of antennae on your head.
Your flesh is heat resistant. (rF+)
You are immune to clouds of flame.
When seriously injured, your bleeding wounds create armour. (AC +6)


Message History

The hornet stings you!
You feel yourself slow down. The hornet barely misses you.
You barely miss the hornet.
The hornet is almost dead.
The hornet stings you!
* * * LOW HITPOINT WARNING * * *
You feel as though you will be slow longer.
The hornet closely misses you.
You barely miss the hornet.
The hornet is almost dead.
The hornet stings you.
* * * LOW HITPOINT WARNING * * *
You are poisoned.
You feel as though you will be slow longer.
The hornet stings you!
* * * LOW HITPOINT WARNING * * *
You are more poisoned.
You feel as though you will be slow longer.
The hornet stings you.
You die...

#.. #. #..# ##.#
..# ###... #..#
..... ...# ..#...
...#
....###...####
#... #...........
#...##.@y....#
#...###...##.#
#.(.# ##)## #...#
#.# #...# #.# #.
#...####.# #.#
#........# #<#
##..########.##
#..#######...####


You could see a hornet.

Vanquished Creatures
  A hill giant (D:11)
  The ghost of Bluestream the Cudgeler, a novice MiFi (D:5)
  A troll (D:9)
  A two-headed ogre (D:8)
  A hippogriff (D:9)
  Sigmund (D:2)
  8 yaks
  A water moccasin (D:6)
  A necrophage (D:6)
  5 orc warriors
  A sky beast (D:7)
  2 centaurs
  2 ogres
  3 big kobolds (D:9)
  4 bullfrogs
  A wyvern zombie (D:9)
  4 scorpions
  6 killer bees (D:8)
  8 wights
  2 howler monkeys
  7 crimson imps
  A centaur zombie (D:7)
  A hound (D:8)
  2 quasits
  3 orc priests
  Ijyb (D:1)
  4 iguanas
  13 orc wizards
  7 worker ants
  A killer bee zombie (D:5)
  2 hound zombies
  11 adders
  4 shadow imps
  An ooze (D:1)
  An adder zombie (D:10)
  3 worms (D:2)
  A dart slug (D:2)
  6 leopard geckos
  33 orcs
  A ball python (D:6)
  3 bats
  5 giant cockroaches
  2 goblins (D:1)
  2 hobgoblins
  16 jackals
  6 quokkas
  A ball python skeleton (D:5)
  A frilled lizard (D:1)
  2 goblin skeletons (D:6)
  2 hobgoblin zombies (D:6)
  9 kobolds
  A kobold skeleton (D:6)
  2 kobold zombies (D:6)
  4 orc skeletons (D:6)
  A quokka skeleton (D:7)
  A quokka zombie (D:5)
  8 rats
223 creatures vanquished.

Notes
Turn   | Place    | Note
-------+----------+-------------------------------------------
     0 | D:1      | Jurt the Demonspawn Gladiator began the quest for the Orb.
     0 | D:1      | Reached XP level 1. HP: 16/16 MP: 1/1
   161 | D:1      | Reached skill level 3 in Axes
   213 | D:1      | Gained mutation: You have a pair of small antennae on your head. [demonic ancestry]
   213 | D:1      | Reached XP level 2. HP: 16/22 MP: 2/2
  1311 | D:2      | Noticed Ijyb
  1312 | D:2      | Reached skill level 1 in Armour
  1312 | D:2      | Reached XP level 3. HP: 21/27 MP: 3/3
  1332 | D:1      | Killed Ijyb
  1573 | D:2      | Reached skill level 4 in Axes
  1622 | D:2      | Reached XP level 4. HP: 29/33 MP: 4/4
  2253 | D:2      | Noticed Sigmund
  3059 | D:2      | Gained mutation: When seriously injured, your bleeding wounds create armour. (AC +6) [demonic ancestry]
  3059 | D:2      | Reached XP level 5. HP: 24/38 MP: 5/5
  3187 | D:2      | Killed Sigmund
  3187 | D:2      | Reached skill level 5 in Axes
  3187 | D:2      | Gained mutation: Your flesh is heat resistant. (rF+) [demonic ancestry]
  3187 | D:2      | Reached XP level 6. HP: 35/44 MP: 6/6
  3223 | D:2      | Found a white marble altar of Elyvilon.
  3235 | D:2      | Found a hide-covered altar of Uskayaw.
  3235 | D:2      | Found an ancient bone altar of Kikubaaqudgha.
  3610 | D:3      | Found an opulent altar of Gozag.
  3619 | D:4      | Found a staircase to the Ecumenical Temple.
  3675 | Temple   | Entered the Ecumenical Temple
  3684 | Temple   | Became a worshipper of Warmaster Okawaru
  3930 | D:5      | Entered Level 5 of the Dungeon
  3934 | D:5      | Noticed Bluestream's ghost (novice MiFi)
  3989 | D:5      | Found Woadamau's Armour Shop.
  4070 | D:5      | Killed Bluestream's ghost
  4070 | D:5      | Reached * piety under Okawaru
  4070 | D:5      | Reached skill level 6 in Axes
  4070 | D:5      | Gained mutation: You have a pair of antennae on your head. [demonic ancestry]
  4070 | D:5      | Reached XP level 7. HP: 37/50 MP: 7/7
  4468 | D:5      | Found a burning altar of Makhleb.
  4504 | D:5      | Noticed a yak
  4505 | D:5      | Noticed a yak
  4548 | D:5      | Found Joluk's Gadget Shop.
  4649 | D:5      | Found Ceneix's Distillery.
  4657 | D:5      | Bought a potion of curing for 42 gold pieces
  4657 | D:5      | Bought a potion of heal wounds for 70 gold pieces
  4657 | D:5      | Bought a potion of might for 56 gold pieces
  4660 | D:5      | Noticed a yak
  4864 | D:6      | Reached skill level 7 in Axes
  5341 | D:6      | Reached XP level 8. HP: 31/56 MP: 8/8
  5403 | D:6      | Found a glowing golden altar of the Shining One.
  5462 | D:6      | Reached skill level 8 in Axes
  5521 | D:6      | Reached skill level 5 in Armour
  5741 | D:6      | Noticed Millan's ghost (novice GrMo)
  6009 | D:7      | Reached ** piety under Okawaru
  6198 | D:7      | Reached skill level 9 in Axes
  6581 | D:7      | Reached XP level 9. HP: 60/61 MP: 9/9
  7037 | D:6      | Found a blossoming altar of Fedhas.
  7546 | D:8      | Reached skill level 10 in Axes
  7611 | D:8      | Reached *** piety under Okawaru
  7916 | D:8      | Found a shadowy altar of Dithmenos.
  8191 | D:8      | Reached skill level 11 in Axes
  8579 | D:8      | Noticed veyX's ghost (novice HOFi)
  8757 | D:5      | Gained mutation: You are immune to clouds of flame. [demonic ancestry]
  8757 | D:5      | Reached XP level 10. HP: 45/67 MP: 8/10
  9251 | D:9      | Found Ezajaowk's Assorted Antiques.
  9254 | D:9      | Bought a potion of curing for 69 gold pieces
  9254 | D:9      | Bought a scroll labeled HOYTRY JOARUOS for 23 gold pieces
  9254 | D:9      | Bought a scroll labeled ZUDIV VASU for 23 gold pieces
  9259 | D:9      | Found Ejeinid's Book Shoppe.
  9373 | D:9      | Found Fiag Titaun's Book Shoppe.
  9387 | D:9      | Found Zaaleost's Book Shop.
  9869 | D:9      | Reached skill level 12 in Axes
  9877 | D:9      | Found Atzufogh's Weapon Boutique.
  9905 | D:9      | Reached **** piety under Okawaru
  9913 | D:9      | Received a gift from Okawaru
 10064 | D:9      | Found a faded altar of an unknown god.
 10064 | D:9      | Found a faded altar of an unknown god.
 10069 | D:9      | Found a faded altar of an unknown god.
 10072 | D:9      | Found a faded altar of an unknown god.
 10074 | D:9      | Found a hazy altar of Hepliaklqana.
 10353 | D:10     | Entered Level 10 of the Dungeon
 10353 | D:10     | Found a staircase to the Orcish Mines.
 10368 | D:10     | Reached skill level 1 in Invocations
 10565 | D:10     | Paralysed by a hornet for 1 turns
 10762 | D:11     | Noticed a hill giant
 10781 | D:11     | Killed a hill giant
 11119 | D:10     | HP: 2/67 [hornet (8)]
 11119 | D:10     | Slain by a hornet

Skill      XL: |  1  2  3  4  5  6  7  8  9 10 |
---------------+-------------------------------+-----
Axes           | 3 4 5 6 7 9 11 12 | 12.9
Armour         | 1 2 3 4 5 6 7 |  7.0
Invocations    | 3 |  3.1
Fighting       | |  2.0
Throwing       | |  1.7
Dodging        | |  2.6

Action                   |  1- 3 |  4- 6 |  7- 9 | 10-12 || total
-------------------------+-------+-------+-------+-------++-------
Melee: War axe           |   106 |   150 |   499 |       ||   755
       Punch             |       |       |     1 |       ||     1
       Battleaxe         |       |       |       |   199 ||   199
Throw: Throwing net      |       |       |     1 |       ||     1
Invok: Heroism           |       |       |     2 |     3 ||     5
Evoke: Wand              |       |       |    20 |     2 ||    22
  Use: Scroll            |       |    14 |     1 |     7 ||    22
       Potion            |       |     8 |     6 |       ||    14
 Stab: Confused          |       |       |     4 |       ||     4
  Eat: Chunk             |     2 |     8 |    14 |     8 ||    32
       Royal jelly       |       |       |     1 |       ||     1
Armor: Leather armour    |    34 |       |       |       ||    34
       Ring mail         |    17 |    47 |   119 |    63 ||   246
       Skin              |       |       |    36 |       ||    36
Dodge: Dodged            |   119 |   100 |   328 |   140 ||   687
